 Dungeon Crawl Stone Soup version 0.18.1-8-gdd0e5ea (webtiles) character file.

4841 MajorHonor the Bludgeoner (level 10, -1/77 HPs)
             Began as a Minotaur Berserker on May 12, 2016.
             Was a Priest of Trog.
             Slain by an orc warrior
             ... wielding a +0 war axe
              (13 damage)
             ... in a bailey on May 23, 2016.
             The game lasted 00:51:10 (7409 turns).

MajorHonor the Bludgeoner (Minotaur Berserker)      Turns: 7409, Time: 00:51:11

Health: -1/77      AC: 17    Str: 24    XL:     10   Next: 25%
Magic:  18/18      EV:  4    Int:  4    God:    Trog [***...]
Gold:   107        SH: 10    Dex: 11    Spells: 0 memorised, 9 levels left

rFire  . . .     SeeInvis .     a - +2 mace (protect)
rCold  . . .     Gourm    .     w - +0 plate armour
rNeg   . . .     Faith    .     q - +0 shield
rPois  +         Spirit   .     (helmet restricted)
rElec  .         Dismiss  .     C - +0 cloak
rCorr  +         Reflect  +     (no gloves)
SustAt .         Harm     .     (no boots)
MR     ++...                    E - +3 amulet of reflection
Stlth  ..........               e - ring of resist corrosion
                                y - ring "Cayguok" {rPois MP+9}

@: very slightly contaminated, regenerating, hasted, very quick, very resistant
to hostile enchantments, extremely unstealthy
A: retaliatory headbutt, horns 2
a: Berserk, Trog's Hand, Burn Spellbooks, Renounce Religion


You were in a bailey.
You worshipped Trog.
Trog was most pleased with you.
You were very hungry.

You visited 1 branch of the dungeon, and saw 8 of its levels.
You also visited: Ossuary and Bailey.

You collected 323 gold pieces.
You spent 216 gold pieces at shops.

Inventory:

Hand Weapons
 a - a +2 mace of protection (weapon)
 b - a +0 blowgun
Missiles
 g - 6 javelins (quivered)
 p - 25 poisoned needles
Armour
 q - a +0 shield (worn)
 w - a +0 plate armour (worn)
 C - a +0 cloak (worn)
Jewellery
 e - a ring of resist corrosion (right hand)
 m - an uncursed ring of fire
 u - an uncursed ring of flight
 y - the ring "Cayguok" (left hand) {rPois MP+9}
   (You found it on level 7 of the Dungeon)

   [ring of magical power]

   It protects you from poison.
   It affects your magic capacity (+9).
 E - a +3 amulet of reflection (around neck)
Wands
 n - a wand of paralysis (2/24)
 r - a wand of lightning (7/15)
 s - a wand of acid (3/15)
Scrolls
 i - a scroll of fog
 l - 2 scrolls of blinking
 t - 2 scrolls of remove curse
 A - a scroll of enchant weapon
 F - 2 scrolls of holy word
Potions
 d - a potion of ambrosia {unknown}
 f - a potion of curing
 j - a potion of cure mutation {unknown}
 k - 2 potions of cancellation
 o - a potion of flight {unknown}
 v - 4 potions of brilliance {unknown}
 x - a potion of agility {unknown}
 z - 3 potions of heal wounds {unknown}
 B - 2 potions of haste
Comestibles
 c - 4 bread rations
 h - 2 slices of pizza
 D - 2 meat rations


   Skills:
 - Level 3.6 Fighting
 + Level 17.0 Maces & Flails
 - Level 2.4 Armour
 - Level 2.1 Dodging


You had 9 spell levels left.
You didn't know any spells.

Dungeon Overview and Level Annotations

Branches:
Dungeon (8/15)             Temple (0/1) D:7
   Lair: D:8-11

Altars:
Ashenzari
Pakellas
Qazlal
Yredelemnul
Zin
The Shining One

Shops:
D:7 *


Innate Abilities, Weirdness & Mutations

You reflexively headbutt those who attack you in melee.
You have a pair of horns on your head.


Message History

* * * LOW HITPOINT WARNING * * *
Your skin crawls.
You feel resistant to hostile enchantments.
You are feeling very hungry.
The orc warlord hits you from afar with a glaive!
* * * LOW HITPOINT WARNING * * *
Your ogre hits the orc warlord with a giant club!!
The orc warlord dies!
Trog accepts your kill.
Your Maces & Flails skill increases to level 17!
Drink which item? (? for menu, Esc to quit)
You feel better.
Your ogre completely misses the orc warrior.
Drink which item? (? for menu, Esc to quit)
You feel yourself speed up.
Your ogre misses the orc warrior.
You are very lightly contaminated with residual magic.
You sock the orc warrior! Your headbutt misses the orc warrior.
The orc warrior is heavily wounded.
The orc warrior hits you with a war axe!
You die...

#.......#.........#.......#
##.......##.......##.......#
#.........#.ooooo #.........
##.........###.gg ##.........
#.....⌠.....###'###.....⌠....
##.........##88o88##.........
#.........#.o).)..#.........
##......)##.oO....##)......#
#......)))@.......[[......#
##.....##........[##.....##
#######.....⌠.....#######
##.........## #.........#
##.!.....## #.......#
##..∩..## #######


You could see 4 orc warriors, 2 gnolls, an orc and a friendly ogre (berserk).

Vanquished Creatures
  An orc knight (Bailey)
  A wyvern (D:6)
  A hungry ghost (D:7)
  A water moccasin (D:8)
  8 orc warriors
  An ogre (D:7)
  A black bear (D:7)
  A centaur (D:7)
  A crocodile (D:7)
  An elf zombie (Ossuary)
  A big kobold (D:7)
  2 scorpions (D:7)
  A howler monkey (D:4)
  A centaur zombie (D:7)
  A crimson imp (D:6)
  2 giant frog zombies (D:6)
  4 hounds
  A human zombie (Ossuary)
  5 orc priests
  4 jellies
  9 orc wizards
  An iguana (D:6)
  3 worker ants
  A big kobold zombie (Ossuary)
  2 mummies (Ossuary)
  A hound zombie (D:6)
  2 adders
  5 gnolls (Bailey)
  An adder skeleton (D:4)
  4 adder zombies (Ossuary)
  2 worms
  3 dart slugs
  A giant gecko (D:7)
  43 orcs
  2 giant cockroaches
  24 goblins
  13 hobgoblins
  20 jackals
  12 kobolds
  A quokka (D:4)
  3 ball pythons
  2 bats
  7 giant newts
  10 hobgoblin zombies (Ossuary)
  3 jackal zombies (Ossuary)
  8 kobold zombies (Ossuary)
  8 orc zombies (Ossuary)
  A quokka zombie (D:5)
  8 rats
  A rat zombie (Ossuary)
240 creatures vanquished.

Vanquished Creatures (collateral kills)
  An orc warlord (Bailey)
  The ghost of GFox the Ducker, a novice MiMo of Okawaru (D:6)
  4 orc warriors (Bailey)
  A centaur (D:6)
  An ogre (D:6)
  3 wights (D:6)
  4 gnolls (Bailey)
  A giant gecko (D:6)
  4 orcs (Bailey)
  5 goblins (Bailey)
  3 hobgoblins (Bailey)
28 creatures vanquished.

Grand Total: 268 creatures vanquished

Notes
Turn   | Place    | Note
--------------------------------------------------------------
     0 | D:1      | MajorHonor the Minotaur Berserker began the quest for the Orb.
     0 | D:1      | Reached XP level 1. HP: 19/19 MP: 0/0
   209 | D:1      | Reached skill level 4 in Maces & Flails
   434 | D:1      | Reached XP level 2. HP: 26/26 MP: 1/1
   806 | D:1      | Reached skill level 5 in Maces & Flails
  1099 | D:2      | Reached ** piety under Trog
  1104 | D:2      | Reached XP level 3. HP: 30/31 MP: 2/2
  1194 | D:2      | Found a stormy altar of Qazlal.
  1194 | D:2      | Found a shattered altar of Ashenzari.
  1847 | D:3      | Reached XP level 4. HP: 38/39 MP: 3/3
  2032 | D:3      | Reached skill level 6 in Maces & Flails
  2047 | D:3      | Reached *** piety under Trog
  2107 | D:3      | Noticed an orc warrior
  2305 | D:4      | Reached skill level 7 in Maces & Flails
  2305 | D:4      | Reached XP level 5. HP: 33/45 MP: 4/4
  2475 | D:4      | Found an oddly glowing altar of Pakellas.
  2960 | D:3      | Reached skill level 8 in Maces & Flails
  2998 | D:3      | Reached XP level 6. HP: 50/51 MP: 5/5
  3013 | D:3      | Killed an orc warrior
  3092 | D:5      | Entered Level 5 of the Dungeon
  3108 | D:5      | Reached skill level 9 in Maces & Flails
  3497 | D:5      | Upgraded the game from 0.18.1-5-g4a78601 to 0.18.1-8-gdd0e5ea
  3554 | D:6      | Reached XP level 7. HP: 53/57 MP: 6/6
  3597 | D:6      | Reached skill level 10 in Maces & Flails
  3598 | D:6      | Found a sand-covered staircase.
  3667 | Ossuary  | Entered an ossuary
  4170 | D:6      | Reached skill level 11 in Maces & Flails
  4314 | D:6      | Found a basalt altar of Yredelemnul.
  4329 | D:6      | Found a glowing golden altar of the Shining One.
  4357 | D:6      | Noticed GFox's ghost (novice MiMo)
  4393 | D:6      | Reached XP level 8. HP: 19/64 MP: 7/7
  4937 | D:7      | Reached skill level 12 in Maces & Flails
  4982 | D:7      | Reached **** piety under Trog
  5100 | D:7      | Reached skill level 13 in Maces & Flails
  5284 | D:7      | Found a staircase to the Ecumenical Temple.
  5690 | D:7      | Reached XP level 9. HP: 65/70 MP: 8/8
  5706 | D:7      | Got an ancient silver ring
  5955 | D:7      | Reached skill level 14 in Maces & Flails
  5999 | D:7      | Found Xaku's Assorted Antiques.
  6004 | D:7      | Bought a dented copper amulet for 135 gold pieces
  6004 | D:7      | Bought 3 scrolls labeled APOFFEA BUTT for 81 gold pieces
  6115 | D:7      | Identified the ring "Cayguok" {rPois MP+9} (You found it on level 7 of the Dungeon)
  6238 | D:6      | Killed GFox's ghost
  6252 | D:6      | Reached skill level 15 in Maces & Flails
  6458 | D:6      | Noticed an angel
  6580 | D:8      | Found a glowing silver altar of Zin.
  6648 | D:8      | Found a flagged portal.
  6671 | Bailey   | Entered a bailey
  6995 | Bailey   | Noticed an orc knight
  7021 | Bailey   | Killed an orc knight
  7021 | Bailey   | Reached skill level 16 in Maces & Flails
  7021 | Bailey   | Reached XP level 10. HP: 12/77 MP: 9/9
  7380 | Bailey   | Noticed an orc warlord
  7406 | Bailey   | Killed an orc warlord
  7406 | Bailey   | Reached skill level 17 in Maces & Flails
  7409 | Bailey   | Slain by an orc warrior

Skill      XL: |  1  2  3  4  5  6  7  8  9 10 |
---------------+-------------------------------+-----
Maces & Flails | 4 5 7 8 9 11 13 16 17 | 17.0
Fighting       | |  3.6
Armour         | |  2.4
Dodging        | |  2.1

Action                   |  1- 3 |  4- 6 |  7- 9 | 10-12 || total
-------------------------+-------+-------+-------+-------++-------
Melee: Mace              |   119 |   131 |   415 |    19 ||   684
       Headbutt          |    11 |    17 |    75 |     2 ||   105
 Fire: Blowgun           |       |       |    10 |       ||    10
Throw: Javelin           |     8 |       |     7 |     1 ||    16
Invok: Trog's Hand       |       |     3 |     3 |     1 ||     7
       Berserk           |       |     2 |     2 |       ||     4
       Brothers in Arms  |       |       |     3 |     4 ||     7
Evoke: Wand              |       |     2 |     5 |       ||     7
  Use: Scroll            |     4 |     6 |     9 |       ||    19
       Potion            |       |     2 |     3 |     2 ||     7
 Stab: Paralysed         |       |       |     7 |       ||     7
  Eat: Chunk             |     3 |     8 |    11 |     2 ||    24
       Meat ration       |       |       |     1 |       ||     1
       Pizza             |       |       |     1 |       ||     1
Armor: Chain mail        |    53 |    70 |    40 |       ||   163
       Plate armour      |       |       |   119 |     1 ||   120
Dodge: Dodged            |    57 |    32 |    53 |     1 ||   143
Block: Shield            |       |    48 |   143 |     3 ||   194
